 Dungeon Crawl Stone Soup version 0.30.1-4-g462c640d31 (webtiles) character file.

Game seed: 244986907124495221

21119 Sanktem7 the Cleaver (level 12, -5/108 HPs)
             Began as a Minotaur Fighter on July 29, 2023.
             Was the Champion of Okawaru.
             Slain by a ten-headed hydra (14 damage)
             ... on level 3 of the Lair of Beasts on Aug 12, 2023.
             The game lasted 00:29:23 (11353 turns).

Sanktem7 the Cleaver (Minotaur Fighter)            Turns: 11353, Time: 00:29:24

Health: -5/108     AC:  8    Str: 39    XL:     12   Next: 51%
Magic:  11/11      EV: 10    Int:  7    God:    Okawaru [******]
Gold:   1949       SH: 15    Dex: 10    Spells: 11/11 levels left

rFire   . . .        a - +7 broad axe of Aheipe {distort, rElec, axe}
rCold   . . .        k - +0 tower shield
rNeg    + . .        (no body armour)
rPois   .            (helmet restricted)
rElec   +            u - +1 cloak
rCorr   .            R - +0 pair of gloves
SInv    .            e - +3 pair of boots of the Camelopard {rN+ Str+3}
Will    .....        (no amulet)
Stlth   +            y - +6 ring of strength
HPRegen 0.38/turn    I - +6 ring of strength
MPRegen 0.12/turn

%: no passive effects
@: no status effects
A: horns 2, retaliatory headbutt
a: Renounce Religion, Heroism, Finesse, Duel


You were on level 3 of the Lair of Beasts.
You worshipped Okawaru.
Okawaru was exalted by your worship.
You visited 2 branches of the dungeon, and saw 12 of its levels.
You also visited: Bailey.

You collected 1949 gold pieces.


Innate Abilities, Weirdness & Mutations

You have a pair of horns on your head.
You reflexively headbutt those who attack you in melee.


   Skills:
 + Level 10.9 Fighting
 * Level 14.7 Axes
 + Level 8.5 Throwing
 + Level 11.0 Armour
 + Level 11.0 Shields


You had 11 spell levels left.
You didn't know any spells.
Your spell library contained the following spells:

 Spells                   Type           Power      Damage    Failure   Level
 Apportation              Tloc           0%         N/A       69%         1
 Freeze                   Ice            0%         1d3       69%         1
 Kiss of Death            Conj/Necr      0%         2d5       69%         1
 Lesser Beckoning         Tloc           0%         N/A       83%         2
 Sublimation of Blood     Necr           0%         N/A       83%         2
 Wereblood                Tmut           0%         N/A       83%         2
 Confusing Touch          Hex            0%         N/A       96%         3
 Frozen Ramparts          Ice            0%         1d1       96%         3
 Gell's Gravitas          Tloc           0%         N/A       96%         3
 Hailstorm                Conj/Ice       0%         3d3       96%         3
 Teleport Other           Tloc           0%         N/A       96%         3
 Dispel Undead            Necr           0%         3d6       100%        4
 Alistair's Intoxication  Tmut/Pois      0%         N/A       100%        5
 Chain Lightning          Conj/Air       0%         N/A       100%        9
 Summon Hydra             Summ           Unusable   N/A       N/A         7

Inventory:

Hand Weapons
 a - the +7 broad axe of Aheipe (weapon) {distort, rElec, axe}
   (You acquired it on level 9 of the Dungeon)

   rElec:     It insulates you from electricity.
 c - the +8 whip "Snakebite" {venom, curare, rPois, =fmace}
   (You found it on level 1 of the Lair of Beasts)

   rPois:     It protects you from poison.
 p - the +8 hand axe of the Vaults {protect, rPois Will+ Int-5, axe}
   (You found it on level 2 of the Dungeon)

   Int:       It affects your intelligence (-5).
   rPois:     It protects you from poison.
   Will:      It increases your willpower.
Missiles
 v - 12 stones {throwing}
 C - a boomerang of dispersal {=f!fthrowing}
 E - 20 javelins (quivered) {throwing}
 H - 5 boomerangs {throwing}
 N - 2 silver javelins {throwing}
Armour
 e - the +3 pair of boots of the Camelopard (worn) {rN+ Str+3}
   (You acquired it on level 6 of the Dungeon)

   Str:       It affects your strength (+3).
   rN:        It protects you from negative energy.
 k - a +0 tower shield (worn)
   (You found it on level 2 of the Dungeon)
 u - a +1 cloak (worn)
   (You found it on level 3 of the Dungeon)
 R - a +0 pair of gloves (worn)
   (You found it on level 2 of the Lair of Beasts)
Jewellery
 i - a ring of flight
   (You found it on level 1 of the Lair of Beasts)
 y - a +6 ring of strength (left hand)
   (You found it on level 5 of the Dungeon)
 I - a +6 ring of strength (right hand)
   (You found it on level 1 of the Lair of Beasts)
Wands
 r - a wand of light (14)
   (You found it on level 7 of the Dungeon)
 t - a wand of paralysis (21)
   (You found it on level 7 of the Dungeon)
 B - a wand of iceblast (6)
   (You took it off an orc on level 8 of the Dungeon)
 M - a wand of flame (9)
   (You found it on level 2 of the Lair of Beasts)
Scrolls
 g - 6 scrolls of teleportation {@r4}
 h - 4 scrolls of fear
 j - 2 scrolls of silence {!r}
 l - 2 scrolls of immolation {!r!r}
 m - 9 scrolls of identify {@r1}
 n - 3 scrolls of magic mapping {unknown}
 o - a scroll of fog
 q - 3 scrolls of blinking {!r}
 x - 3 scrolls of amnesia {unknown}
 A - 2 scrolls of poison {!r}
 J - 3 scrolls of enchant armour
Potions
 b - 15 potions of degeneration {!q@e2}
 d - 3 potions of might
 f - a potion of curing {@q1}
 s - 3 potions of lignification {!q}
 w - a potion of magic {unknown}
 D - a potion of flight {unknown}
 F - a potion of haste {unknown}
 L - a potion of berserk rage {unknown}
 O - 2 potions of invisibility {unknown}
 P - a potion of ambrosia {unknown}
 S - 2 potions of brilliance {unknown}
Miscellaneous
 G - a lightning rod (4/4)
   (You found it in a bailey)
 Q - a piece from Xom's chessboard (15/15)
   (You found it on level 2 of the Lair of Beasts)

Dungeon Overview and Level Annotations

Branches:
Dungeon (9/15) Zot: 26044  Temple (0/1) D:4            Lair (3/5) D:9 Zot: 14864
  Swamp (0/4) Lair:2       Bailey (visited)
  Snake: Lair:2-3    Spider: Lair:2-3       Orc: D:9-12

Altars:
Cheibriados
Dithmenos
Elyvilon
Fedhas
Hepliaklqana
Makhleb
Okawaru
Trog
The Shining One

Annotations:
Lair:2 Zaaguope's ghost, journeyman MeNe

#....####
##.......
#####.......##
...[.........##
..............#
.............P#
.......D.....#
#....@....##
#P.........#
#...<......#
..............#
....##.........#
... ##......P##
.. #.....###
......# .##...?#


You could see a ten-headed hydra.


Message History

😎 HP[+93]
Your hp is fully restored (108).
You see here a +0 leather armour.
You see here a +0 trident {polearm}.
There is a stone staircase leading down here.
You climb downwards.
There is a stone staircase leading up here.
The five-headed hydra roars!
The five-headed hydra bites you!
The five-headed hydra bites you but does no damage.
You block the five-headed hydra's attack.
The five-headed hydra bites you but does no damage. x2 😕 HP[-13]
You take 13 damage, and now have 95/108 hp.
You slice one of the five-headed hydra's heads off!
The four-headed hydra grows two more!
You slice the six-headed hydra!!
Your headbutt misses the six-headed hydra.
The six-headed hydra blinks! 😕 HP[+1]
You barely miss the six-headed hydra.
The six-headed hydra bites you but does no damage.
The six-headed hydra bites you!
You block the six-headed hydra's attack. x2
The six-headed hydra bites you but does no damage.
You block the six-headed hydra's attack. 😕 HP[-7]
You take 7 damage, and now have 89/108 hp.
You barely miss the six-headed hydra.
You block the six-headed hydra's attack.
The six-headed hydra bites you.
The six-headed hydra bites you but does no damage. x2
The six-headed hydra bites you.
You block the six-headed hydra's attack. 😮 HP[-9]
You take 9 damage, and now have 80/108 hp.
You chop one of the six-headed hydra's heads off!
The five-headed hydra grows two more!
You slash the seven-headed hydra!
Space warps around the seven-headed hydra.
You block the seven-headed hydra's attack. x2
The seven-headed hydra bites you! The seven-headed hydra bites you.
The seven-headed hydra bites you but does no damage.
You block the seven-headed hydra's attack.
The seven-headed hydra bites you. 😮 HP[-18]
You take 18 damage, and now have 62/108 hp.
You chop one of the seven-headed hydra's heads off!
The six-headed hydra grows two more!
You hit the eight-headed hydra.
Space warps horribly around the eight-headed hydra!
You headbutt the eight-headed hydra. The eight-headed hydra bites you!
You block the eight-headed hydra's attack.
The eight-headed hydra bites you!
* * * LOW HITPOINT WARNING * * *
You block the eight-headed hydra's attack.
The eight-headed hydra bites you.
* * * LOW HITPOINT WARNING * * *
The eight-headed hydra bites you but does no damage.
The eight-headed hydra bites you!
* * * LOW HITPOINT WARNING * * *
You block the eight-headed hydra's attack. 😨 HP[-24]
You take 24 damage, and now have 38/108 hp.
MASSIVE DAMAGE!! (PAUSE)
You slice one of the eight-headed hydra's heads off!
The seven-headed hydra grows two more!
You slash the nine-headed hydra!
Space warps horribly around the nine-headed hydra.
You headbutt the nine-headed hydra!
The nine-headed hydra closely misses you.
You block the nine-headed hydra's attack. x3
The nine-headed hydra bites you but does no damage.
You block the nine-headed hydra's attack.
The nine-headed hydra bites you.
* * * LOW HITPOINT WARNING * * *
The nine-headed hydra closely misses you.
The nine-headed hydra bites you.
* * * LOW HITPOINT WARNING * * *
😨 HP[-9]
You take 9 damage, and now have 29/108 hp.
You barely miss the nine-headed hydra. The nine-headed hydra bites you!
* * * LOW HITPOINT WARNING * * *
The nine-headed hydra completely misses you.
You block the nine-headed hydra's attack. x2
The nine-headed hydra bites you!
* * * LOW HITPOINT WARNING * * *
You block the nine-headed hydra's attack.
The nine-headed hydra bites you but does no damage.
The nine-headed hydra misses you.
The nine-headed hydra barely misses you. 😱 HP[-21]
You take 21 damage, and now have 8/108 hp.
You slice one of the nine-headed hydra's heads off!
The eight-headed hydra grows two more!
You hit the ten-headed hydra.
Space warps horribly around the ten-headed hydra!!
Your headbutt misses the ten-headed hydra.
You block the ten-headed hydra's attack.
The ten-headed hydra completely misses you.
You block the ten-headed hydra's attack.
The ten-headed hydra bites you but does no damage.
You block the ten-headed hydra's attack.
The ten-headed hydra bites you!
You die...

Skill      XL: |  1  2  3  4  5  6  7  8  9 10 11 12 |
---------------+-------------------------------------+-----
Axes           | 3 4 5 7 8 10 12 13 14 | 14.7
Armour         | 4 5 6 7 9 10 11 | 11.0
Fighting       | 4 5 6 7 9 10 | 10.9
Shields        | 4 5 6 8 9 10 11 | 11.0
Throwing       | 1 2 3 4 5 6 7 8 |  8.5

Action                     |  1- 3 |  4- 6 |  7- 9 | 10-12 || total
---------------------------+-------+-------+-------+-------++-------
  Melee: War axe           |    99 |    51 |       |       ||   150
         Headbutt          |    12 |    11 |    46 |    75 ||   144
         Hand axe          |       |    78 |   260 |   199 ||   537
         Broad axe         |       |       |       |   139 ||   139
    Use: Scroll            |       |       |    16 |     6 ||    22
         Potion            |       |       |       |     5 ||     5
 Armour: Scale mail        |    43 |       |       |       ||    43
         Plate armour      |     7 |    86 |   140 |   188 ||   421
         Skin              |       |       |       |    31 ||    31
  Dodge: Dodged            |    31 |    21 |    56 |   111 ||   219
  Block: Buckler           |    12 |       |       |       ||    12
         Tower shield      |    36 |   104 |   183 |   338 ||   661

Levels and vault maps discovered:
D:1:      dpeg_arrival_tiny_f, layout_loops_ring
D:2:      layout_loops_ring, dreamdust_ecumenical_altar_statues,
          kennysheep_path_1, minmay_nonomino_d4
D:3:      layout_loops_ring, lightli_temple_of_fire, fedhas_ov_isle_minmay,
          chequers_temple_overflow_statue_of_worship, kennysheep_potato
D:4:      layout_cave_pools, minmay_temple_entry_tees
D:5:      layout_loops_corners, grunt_dithmenos_smoke_and_mirrors,
          mainiacjoe_overflow_catwalk, st_stairs_8
D:6:      layout_basic, serial_bayou_pond_c, kennysheep_generic_room_7
D:7:      layout_basic, nicolae_overflow_squiral
D:8:      layout_cave_pools, enter_bailey_7
D:9:      layout_cave_pools, hellmonk_lair_entry_icy, nicolae_eternal_life,
          kennysheep_doodads, kennysheep_generic_room_9
Lair:1:   minmay_guarded_unrand_snakebite, layout_chaotic_city
Lair:2:   layout_cave_pods, minmay_swamp_entry_worms,
          ebering_ghost_funeral_grove, nicolae_lair_lindhole, grunt_megastairs_3
Lair:3:   nzn_winding_woodlands_cross [nzn_winding_woodlands_5x15_lazy_stream,
          nzn_winding_woodlands_5x15_pool,
          nzn_winding_woodlands_5x15_pathside_ponds,
          nzn_winding_woodlands_5x15_crooked,
          nzn_winding_woodlands_15x15_eel_pit], layout_gridlike,
          dummy_spider_entry

Notes
Turn   | Place    | Note
-------+----------+-------------------------------------------
     0 | D:1      | Sanktem7 the Minotaur Fighter began the quest for the Orb.
     0 | D:1      | Reached XP level 1. HP: 19/19 MP: 0/0
     0 | D:1      | magus.rc [v1.9.6]
   143 | D:1      | Reached XP level 2. HP: 27/27 MP: 1/1
   150 | D:1      | Reached skill level 3 in Axes
   173 | D:1      | magus.rc [v1.9.6]
   254 | D:1      | You pick up a book of Party Tricks and begin reading...
   254 | D:1      | You add the spells Apportation and Alistair's Intoxication
                  | to your library.
   339 | D:1      | You pick up a book of Touch and begin reading...
   339 | D:1      | You add the spells Kiss of Death, Confusing Touch and
                  | Dispel Undead to your library.
   656 | D:2      | Reached skill level 4 in Armour
   656 | D:2      | Reached XP level 3. HP: 33/33 MP: 2/2
   659 | D:2      | Reached skill level 4 in Fighting
   797 | D:2      | Reached skill level 4 in Shields
   831 | D:2      | Upgraded the game from 0.30.1-3-gfc49f6343a to
                  | 0.30.1-4-g462c640d31
   831 | D:2      | magus.rc [v1.9.6]
   951 | D:2      | Identified the +8 hand axe of the Vaults {protect, rPois
                  | Will+ Int-5}
  1086 | D:2      | Found a faded altar of an unknown god.
  1094 | D:2      | Reached XP level 4. HP: 38/40 MP: 3/3
  1194 | D:2      | Reached skill level 1 in Throwing
  1420 | D:3      | Found an iron altar of Okawaru.
  1420 | D:3      | Found a glowing golden altar of the Shining One.
  1420 | D:3      | Found a bloodstained altar of Trog.
  1428 | D:3      | Became a worshipper of Warmaster Okawaru
  1452 | D:3      | Reached skill level 4 in Axes
  1493 | D:3      | Reached XP level 5. HP: 41/47 MP: 4/4
  1731 | D:3      | Lost intelligence.
  1862 | D:3      | Reached * piety under Okawaru
  1876 | D:3      | Found a burning altar of Makhleb.
  1917 | D:3      | Reached XP level 6. HP: 53/53 MP: 5/5
  1966 | D:3      | Found a blossoming altar of Fedhas.
  2249 | D:4      | Reached skill level 5 in Axes
  2443 | D:4      | Found a staircase to the Ecumenical Temple.
  2469 | D:4      | Reached skill level 2 in Throwing
  2701 | D:5      | Entered Level 5 of the Dungeon
  2710 | D:5      | Reached skill level 5 in Shields
  2817 | D:5      | Reached skill level 5 in Fighting
  2817 | D:5      | Reached skill level 5 in Armour
  2817 | D:5      | Reached XP level 7. HP: 47/61 MP: 6/6
  2889 | D:5      | Reached skill level 6 in Axes
  2931 | D:5      | Found a white marble altar of Elyvilon.
  3034 | D:5      | Reached skill level 3 in Throwing
  3076 | D:5      | Reached ** piety under Okawaru
  3324 | D:5      | Found a shadowy altar of Dithmenos.
  3339 | D:5      | Reached skill level 7 in Axes
  3339 | D:5      | Reached XP level 8. HP: 51/70 MP: 7/7
  3699 | D:6      | Reached skill level 6 in Armour
  3699 | D:6      | Reached skill level 6 in Shields
  3780 | D:6      | Reached skill level 6 in Fighting
  3798 | D:6      | Reached *** piety under Okawaru
  3799 | D:6      | Reached skill level 8 in Axes
  3799 | D:6      | Reached skill level 4 in Throwing
  3819 | D:6      | Reached XP level 9. HP: 33/78 MP: 8/8
  3840 | D:6      | Reached skill level 7 in Shields
  4022 | D:6      | You pick up a book of Frost and begin reading...
  4022 | D:6      | You add the spells Freeze, Frozen Ramparts and Hailstorm to
                  | your library.
  4107 | D:6      | Identified 2 scrolls of acquirement
  4107 | D:6      | Acquired the +3 pair of boots of the Camelopard {rN+ Str+3}
  4120 | D:6      | Acquired 1201 gold pieces
  4234 | D:6      | Reached skill level 7 in Armour
  4278 | D:6      | Reached skill level 7 in Fighting
  4278 | D:6      | Reached skill level 9 in Axes
  4290 | D:6      | Reached **** piety under Okawaru
  4834 | D:7      | Reached skill level 5 in Throwing
  4847 | D:7      | Found the +0 toga "Victory" {*Victory Clar}
  4940 | D:7      | Found a hazy altar of Hepliaklqana.
  4943 | D:7      | Found a snail-covered altar of Cheibriados.
  5375 | D:8      | Reached skill level 10 in Axes
  5678 | D:8      | Found a flagged portal.
  5695 | Bailey   | Entered a bailey
  5823 | Bailey   | Reached skill level 8 in Shields
  5832 | Bailey   | Reached XP level 10. HP: 67/88 MP: 9/9
  5857 | Bailey   | Reached skill level 8 in Armour
  6377 | Bailey   | Reached skill level 8 in Fighting
  6473 | Bailey   | Reached ***** piety under Okawaru
  6485 | Bailey   | HP: 21/88 [centaur/+0 halberd (4)]
  6496 | Bailey   | HP: 15/88 [centaur/javelin (6)]
  6502 | Bailey   | HP: 13/88 [centaur/+0 trident (1)]
  6502 | Bailey   | HP: 5/88 [centaur/javelin (8)]
  6527 | Bailey   | Received a gift from Okawaru
  6751 | Bailey   | Reached skill level 11 in Axes
  6959 | Bailey   | Reached skill level 6 in Throwing
  7386 | D:9      | Received a gift from Okawaru
  7399 | D:9      | Found a staircase to the Lair.
  7494 | D:9      | Reached skill level 9 in Shields
  7600 | D:9      | You pick up a book of Displacement and begin reading...
  7600 | D:9      | You add the spells Lesser Beckoning, Gell's Gravitas and
                  | Teleport Other to your library.
  7614 | D:9      | Received a gift from Okawaru
  7615 | D:9      | Reached skill level 9 in Armour
  7688 | D:9      | Got the Precepts of Disjunct Injury
  7703 | D:9      | Reached skill level 9 in Fighting
  7703 | D:9      | Reached skill level 12 in Axes
  7708 | D:9      | Reached XP level 11. HP: 92/97 MP: 10/10
  7741 | D:9      | You pick up a book of Blood and begin reading...
  7741 | D:9      | You add the spells Sublimation of Blood and Wereblood to
                  | your library.
  8097 | D:9      | Identified the +3 scale mail "Luyrahuc" {Int+3} (Okawaru
                  | gifted it to you on level 9 of the Dungeon)
  8097 | D:9      | Received a gift from Okawaru
  8214 | D:9      | Acquired the +7 broad axe of Aheipe {distort, rElec}
  8232 | Lair:1   | Entered Level 1 of the Lair of Beasts
  8253 | Lair:1   | Reached skill level 7 in Throwing
  8546 | Lair:1   | HP: 24/97 [poisoned by a cane toad]
  8547 | Lair:1   | Reached skill level 13 in Axes
  8549 | Lair:1   | HP: 9/99 [poisoned by a cane toad]
  8554 | Lair:1   | HP: 18/99 [poisoned by a cane toad]
  8796 | Lair:1   | Found the +8 whip "Snakebite" {venom, curare, rPois}
  8899 | Lair:1   | Reached skill level 10 in Armour
  8899 | Lair:1   | Reached skill level 10 in Shields
  8906 | Lair:1   | Reached skill level 10 in Fighting
  9014 | Lair:1   | Noticed a catoblepas
  9017 | Lair:1   | Banished a catoblepas
  9269 | Lair:1   | Reached XP level 12. HP: 94/106 MP: 11/11
  9417 | Lair:2   | Reached skill level 8 in Throwing
  9480 | Lair:2   | Reached skill level 14 in Axes
  9537 | Lair:2   | Reached ****** piety under Okawaru
  9785 | Lair:2   | Received a gift from Okawaru
 10090 | Lair:2   | Found a staircase to the Swamp.
 10492 | Lair:2   | Found a runed translucent door.
 10495 | Lair:2   | Noticed Zaaguope's ghost (journeyman MeNe)
 10500 | Lair:2   | Identified the +2 spear of Rafott {distort, rElec Str+9
                  | Dex+4 Stlth-}
 11033 | Lair:2   | HP: 23/108 [spriggan rider/+0 spear (19)]
 11035 | Lair:2   | HP: 7/108 [spriggan rider/+0 spear (14)]
 11038 | Lair:2   | Reached skill level 11 in Armour
 11038 | Lair:2   | Reached skill level 11 in Shields
 11041 | Lair:2   | HP: 14/108 [polar bear (16)]
 11342 | Lair:3   | Noticed a five-headed hydra
 11352 | Lair:3   | HP: 16/108 [nine-headed hydra (13)]
 11353 | Lair:3   | Slain by a ten-headed hydra

Vanquished Creatures
  2 lindwurms (Lair:2)
  4 elephants (Lair:1)
  A black mamba (Lair:1)
  6 cane toads
  2 rime drakes
  A komodo dragon (Lair:1)
  A hornet (Lair:2)
  3 polar bears
  A tyrant leech (Lair:2)
  2 spriggans (Lair:2)
  A shadow (D:9)
  3 wyverns
  26 yaks
  4 steam dragons (D:9)
  A swamp worm (Lair:2)
  8 water moccasins
  2 sky beasts
  7 ice beasts
  10 orc warriors
  2 black bears
  An ogre (D:5)
  14 centaurs
  5 wolves (Lair:2)
  A kobold brigand (D:8)
  7 bullfrogs
  A gnoll sergeant (D:8)
  7 scorpions
  3 wights (D:7)
  7 killer bees
  3 howler monkeys
  A jelly (D:6)
  3 hounds
  7 iguanas
  4 sleepcaps
  8 orc wizards
  13 adders
  4 gnolls (D:8)
  An ufetubus (D:4)
  5 dart slugs
  51 orcs
  7 ball pythons
  9 bats
  6 endoplasms
  4 giant cockroaches
  11 goblins
  7 hobgoblins
  2 jackals (D:1)
  11 kobolds
  5 quokkas
  5 frilled lizards
  5 rats
305 creatures vanquished.

Vanquished Creatures (others)
  3 orcs (Bailey)
3 creatures vanquished.

Grand Total: 308 creatures vanquished

Table legend:
 A = Non-vault XP
 B = Vault XP
 C = Vault XP percentage of total XP
 D = Non-vault monster count
 E = Vault monster count
 F = Vault count percentage of total count
                 A         B        C        D         E       F
            +---------+---------+-------+---------+---------+-------
      Total |   21282 |    8888 |  29.5 |     236 |      79 |  25.1
            +---------+---------+-------+---------+---------+-------
        D:1 |      38 |       0 |   0.0 |      21 |       0 |   0.0
        D:2 |      84 |       7 |   7.7 |      21 |       4 |  16.0
        D:3 |     235 |      19 |   7.5 |      27 |       4 |  12.9
        D:4 |     113 |       0 |   0.0 |      16 |       0 |   0.0
        D:5 |     954 |     118 |  11.0 |      15 |       2 |  11.8
        D:6 |    2038 |      78 |   3.7 |      33 |       2 |   5.7
        D:7 |     706 |       0 |   0.0 |       9 |       0 |   0.0
        D:8 |     867 |      20 |   2.3 |      19 |       4 |  17.4
        D:9 |    3987 |    1491 |  27.2 |      30 |       7 |  18.9
     Lair:1 |    7847 |    1386 |  15.0 |      24 |       8 |  25.0
     Lair:2 |    4413 |    3611 |  45.0 |      21 |       8 |  27.6
     Bailey |       0 |    2158 | 100.0 |       0 |      40 | 100.0
            +---------+---------+-------+---------+---------+-------

Skill      XL: |  1  2  3  4  5  6  7  8  9 10 11 12 |
---------------+-------------------------------------+-----
Axes           | 3 4 5 7 8 10 12 13 14 | 14.7
Armour         | 4 5 6 7 9 10 11 | 11.0
Fighting       | 4 5 6 7 9 10 | 10.9
Shields        | 4 5 6 8 9 10 11 | 11.0
Throwing       | 1 2 3 4 5 6 7 8 |  8.5

Action                     |  1- 3 |  4- 6 |  7- 9 | 10-12 || total
---------------------------+-------+-------+-------+-------++-------
  Melee: War axe           |    99 |    51 |       |       ||   150
         Headbutt          |    12 |    11 |    46 |    75 ||   144
         Hand axe          |       |    78 |   260 |   199 ||   537
         Broad axe         |       |       |       |   139 ||   139
    Use: Scroll            |       |       |    16 |     6 ||    22
         Potion            |       |       |       |     5 ||     5
 Armour: Scale mail        |    43 |       |       |       ||    43
         Plate armour      |     7 |    86 |   140 |   188 ||   421
         Skin              |       |       |       |    31 ||    31
  Dodge: Dodged            |    31 |    21 |    56 |   111 ||   219
  Block: Buckler           |    12 |       |       |       ||    12
         Tower shield      |    36 |   104 |   183 |   338 ||   661

Illustrated notes

Table legend:
 A = Kills in this place as a percentage of kills in the entire game.
 B = Kills by you in this place as a percentage of kills by you in the entire game.
 C = Kills by friends in this place as a percentage of kills by friends in the entire game.
 D = Other kills in this place as a percentage of other kills in the entire game.
 E = Experience gained in this place as a percentage of experience gained in the entire game.
 F = Experience gained in this place divided by the number of levels of this place that you have seen.
                   A       B       C       D       E      F
               +-------+-------+-------+-------+-------+----------------------
         Total | 100.0 | 100.0 |   N/A | 100.0 | 100.0 | 2320.8
       Dungeon |  67.9 |  70.2 |   N/A |   0.0 |  35.6 | 1195.0
          Lair |  19.4 |  16.7 |   N/A | 100.0 |  57.2 | 5752.3
        Bailey |  12.7 |  13.1 |   N/A |   0.0 |   7.2 | 2158.0
               +-------+-------+-------+-------+-------+----------------------

Table legend: (Time is in decaauts)
 A = Elapsed time spent in this place.
 B = Non-inter-level travel time spent in this place.
 C = Inter-level travel time spent in this place.
 D = Time resting spent in this place.
 E = Time spent auto-exploring this place.
 F = Levels seen in this place.
 G = Mean time per level.
                   A        B        C        D        E       F      G
               +--------+--------+--------+--------+--------+-----+--------+
         Total |  12557 |  12177 |    380 |    902 |   8680 |  13 |  965.9 |
       Dungeon |   8000 |   7683 |    317 |    113 |   5995 |   9 |  888.9 |
          Lair |   3134 |   3071 |     63 |    321 |   2430 |   3 | 1044.7 |
        Bailey |   1423 |   1423 |      0 |    468 |    255 |   1 | 1423.0 |
               +--------+--------+--------+--------+--------+-----+--------+

Top non-repeatable levels by time:
  Lair:2: 1962 daAuts
     D:5: 1452 daAuts
  Bailey: 1423 daAuts
     D:6: 1181 daAuts
  Lair:1: 1160 daAuts
     D:3: 1120 daAuts
     D:9: 955 daAuts
     D:2: 805 daAuts
     D:4: 699 daAuts
     D:1: 670 daAuts
     D:8: 594 daAuts
     D:7: 521 daAuts
  Lair:3: 11 daAuts
